 Dungeon Crawl Stone Soup version 0.18.1-8-gdd0e5ea (webtiles) character file.

310 JeeperCreeper the Skirmisher (level 6, -2/52 HPs)
             Began as a Draconian Berserker on June 5, 2016.
             Was a Believer of Trog.
             Slain by a sky beast (5 damage)
             ... on level 6 of the Dungeon.
             The game lasted 00:48:36 (3876 turns).

JeeperCreeper the Skirmisher (Draconian Berserker)  Turns: 3876, Time: 00:48:37

Health: -2/52      AC:  6    Str: 21    XL:     6   Next: 18%
Magic:  6/6        EV: 11    Int:  7    God:    Trog [**....]
Gold:   134        SH:  9    Dex: 11    Spells: 0 memorised, 5 levels left

rFire  . . .     SeeInvis .     f - +0 hunting sling (curse)
rCold  . . .     Gourm    .     (armour unavailable)
rNeg   . . .     Faith    .     e - +0 shield
rPois  .         Spirit   .     (helmet restricted)
rElec  .         Dismiss  .     (no cloak)
rCorr  .         Reflect  .     (no gloves)
SustAt .         Harm     .     (no boots)
MR     .....                    (no amulet)
Stlth  +.........               (no ring)
                                (no ring)

@: not resistant to hostile enchantments, very unstealthy
A: unfitting armour, cold-blooded, AC +6
a: Berserk, Trog's Hand, Burn Spellbooks, Renounce Religion


You were on level 6 of the Dungeon.
You worshipped Trog.
Trog was pleased with you.
You were not hungry.

You visited 1 branch of the dungeon, and saw 7 of its levels.

You collected 134 gold pieces.

Inventory:

Hand Weapons
 a - a +0 falchion
 f - a cursed +0 hunting sling (weapon)
 g - a +0 mace
 h - a +4 quarterstaff of chaos
 l - a cursed -3 club
 n - a +0 mace
 o - a +0 whip
 p - a +0 dagger
 r - a +0 hunting sling
 s - a +0 club
 y - a +0 scimitar
 A - a +0 trident
Missiles
 d - 95 stones
 k - 5 sling bullets (quivered)
Armour
 e - a +0 shield (worn)
 j - a +0 cloak
Jewellery
 m - an uncursed ring of positive energy {unknown}
Wands
 B - a wand of paralysis (3/24)
Scrolls
 c - a scroll of remove curse {unknown}
 i - a scroll of recharging {unknown}
 v - a scroll of enchant weapon {unknown}
 x - a scroll of identify {unknown}
Potions
 t - a potion of might {unknown}
 u - a potion of brilliance {unknown}
Comestibles
 b - 3 bread rations
 w - a meat ration
 z - a beef jerky


   Skills:
 + Level 4.1 Fighting
 + Level 3.2 Long Blades
 + Level 2.9 Slings
 + Level 4.0 Dodging
 + Level 0.6 Stealth
 * Level 2.6 Shields


You had 5 spell levels left.
You didn't know any spells.

Dungeon Overview and Level Annotations

Branches:
Dungeon (7/15)
 Temple: D:4-7

Altars:
Okawaru
Vehumet


Innate Abilities, Weirdness & Mutations

Your plain brown scales are hard (AC +6).
Your body does not fit into most forms of armour.
You are cold-blooded and may be slowed by cold attacks.


Message History

Something hits you. Something shocks you.
* * * LOW HITPOINT WARNING * * *
A sky beast appears from thin air!
Reactivating autopickup.
You enter the shallow water.
Moving in this stuff is going to be slow.
Unknown command.
The sky beast flickers out of sight!
Deactivating autopickup; reactivate with Ctrl-A.
You see here a sling bullet.
Something hits you.
* * * LOW HITPOINT WARNING * * *
Something shocks you.
* * * LOW HITPOINT WARNING * * *
You see here a sling bullet.
You see here a mace.
Something hits you.
* * * LOW HITPOINT WARNING * * *
Something shocks you.
You die...

#...........# #.#######..#
#.#### ............#
#.#..#..)).# #.....
#...#.......# #.#..#>##.##
######
#.#.#......####.#.....#...
..
#.#.#...........##.########
#.# #(#{#.....[#######.#..
#. ยง.#.##############.#.#
# ..#.####.#......##.#.####
#.#...........).@.......#
#.######(#.####.##.#.##.#
#.#..# #.#.#.......#.##.#
#.#..###.#.#.##.####^##.#
#.#.....(#.#.##......##..
#.##.#####.#.############
.....# #.#.#
#.########.#.## ..#
#.........#


There were no monsters in sight!

Vanquished Creatures
  A scorpion (D:5)
  A crimson imp (D:5)
  Crazy Yiuf (D:2)
  A centaur skeleton (D:5)
  A giant frog skeleton (D:6)
  A worker ant (D:4)
  Robin (D:4)
  2 adders
  2 worms
  3 dart slugs
  A giant gecko (D:3)
  5 orcs (D:6)
  A ball python (D:3)
  A giant cockroach (D:3)
  8 goblins
  4 hobgoblins
  13 jackals
  2 quokkas (D:3)
  5 bats
  2 giant newts (D:1)
  A jackal skeleton (D:4)
  4 kobolds (D:3)
  3 rats
  2 plants (D:1)
66 creatures vanquished.

Notes
Turn   | Place    | Note
--------------------------------------------------------------
     0 | D:1      | JeeperCreeper the Draconian Berserker began the quest for the Orb.
     0 | D:1      | Reached XP level 1. HP: 19/19 MP: 1/1
   726 | D:2      | Reached XP level 2. HP: 26/26 MP: 2/2
   857 | D:2      | Noticed Crazy Yiuf
   864 | D:2      | Killed Crazy Yiuf
   864 | D:2      | Reached skill level 1 in Shields
   864 | D:2      | Reached XP level 3. HP: 13/33 MP: 3/3
  1665 | D:3      | Found an iron altar of Okawaru.
  1833 | D:3      | Reached XP level 4. HP: 32/40 MP: 4/4
  1885 | D:3      | Found a radiant altar of Vehumet.
  1977 | D:3      | Reached ** piety under Trog
  2205 | D:4      | Noticed Robin
  2321 | D:3      | HP: 3/60 [hobgoblin/club[Robin] (5)]
  2730 | D:4      | Killed Robin
  2730 | D:4      | Reached skill level 1 in Slings
  2831 | D:4      | Reached XP level 5. HP: 37/46 MP: 5/5
  3035 | D:5      | Entered Level 5 of the Dungeon
  3106 | D:5      | Noticed a centaur
  3358 | D:6      | Reached XP level 6. HP: 40/52 MP: 6/6
  3770 | D:7      | Noticed a sky beast
  3876 | D:6      | Slain by a sky beast

Skill      XL: |  1  2  3  4  5  6 |
---------------+-------------------+-----
Dodging        | 3 4 |  4.0
Shields        | 1 2 |  2.6
Fighting       | 4 |  4.1
Slings         | 1 2 |  2.9
Long Blades    | |  3.2
Stealth        | |  0.6

Action                   |  1- 3 |  4- 6 || total
-------------------------+-------+-------++-------
Melee: Falchion          |    91 |       ||    91
       Tailslap          |    19 |     2 ||    21
       Hunting sling     |       |    13 ||    13
 Fire: Hunting sling     |    33 |   175 ||   208
Invok: Berserk           |     2 |     1 ||     3
       Trog's Hand       |       |     3 ||     3
 Stab: Sleeping          |     1 |       ||     1
  Eat: Chunk             |     1 |     2 ||     3
       Meat ration       |     1 |       ||     1
       Bread ration      |     1 |       ||     1
Armor: Skin              |    27 |    65 ||    92
Dodge: Dodged            |    30 |    87 ||   117
Block: Shield            |    33 |    87 ||   120
